 Dungeon Crawl Stone Soup version 0.22-a0-362-g535178c (webtiles) character file.

47 Amnesiac the Magician (level 3, -3/24 HPs)
             Began as a Mummy Earth Elementalist on Apr 20, 2018.
             Slain by an orc
             ... wielding a +0 flail
              (7 damage)
             ... on level 4 of the Dungeon.
             The game lasted 00:00:53 (279 turns).

Amnesiac the Magician (Mummy Earth Elementalist)     Turns: 279, Time: 00:00:53

Health: -3/24      AC:  2    Str: 11    XL:     3   Next: 48%
Magic:  0/7        EV: 12    Int: 15    God:
Gold:   49         SH:  0    Dex: 12    Spells: 5/8 levels left

rFire    x . .     SeeInvis .   a - +0 dagger
rCold    + . .     Gourm    .   (no shield)
rNeg     + + +     Faith    .   c - +0 robe
rPois    ∞         Spirit   .   (no helmet)
rElec    .         Reflect  .   (no cloak)
rCorr    .         Harm     .   (no gloves)
MR       .....                  (no boots)
Stlth    ++........             (no amulet)
HPRegen  0.08/turn              (no ring)
MPRegen  0.10/turn              (no ring)

@: no status effects
A: no food or potions, fire vulnerability, cold resistance 1, negative energy
resistance 3, torment resistance, unbreathing
a: no special abilities


You were on level 4 of the Dungeon.
You were not hungry.

You visited 1 branch of the dungeon, and saw 4 of its levels.

You collected 49 gold pieces.

Inventory:

Hand Weapons
 a - a +0 dagger (weapon)
Missiles
 b - 34 stones (quivered)
Armour
 c - a +0 robe (worn)


   Skills:
 + Level 0.9 Short Blades
 - Level 1.5 Dodging
 - Level 1.5 Stealth
 + Level 3.3 Spellcasting
 - Level 0.7 Transmutations
 * Level 3.2 Earth Magic


You had 5 spell levels left.
You knew the following spells:

 Your Spells              Type           Power        Failure   Level  Hunger
a - Sandblast             Erth           ##....       4%          1    N/A
b - Passwall              Tmut/Erth      #.........   13%         2    N/A

Dungeon Overview and Level Annotations

Branches:
Dungeon (4/15)
 Temple: D:4-7

Altars:


Innate Abilities, Weirdness & Mutations

You do not eat or drink.
Your flesh is vulnerable to fire.
You are immune to poison.
Your flesh is cold resistant. (rC+)
You are immune to negative energy. (rN+++)
You are immune to unholy pain and torment.
You can survive without breathing.


Message History

Aiming: Sandblast (safe; 6% risk of failure)
Press: ? - help, Shift-Dir - straight line, f/p - orc wizard
Aim: an orc wizard, wielding a dagger and wearing a robe (moderately wounded)
The blast of sand misses the orc wizard.
b - 38 stones The orc wizard hits you with a dagger.
Casting: Sandblast (safe; 6% risk of failure)
Confirm with . or Enter, or press ? or * to list all spells.
Aiming: Sandblast (safe; 6% risk of failure)
Press: ? - help, Shift-Dir - straight line, f/p - orc wizard
Aim: an orc wizard, wielding a dagger and wearing a robe (moderately wounded)
The blast of sand hits the orc wizard.
The orc wizard is severely wounded.
b - 37 stones The orc barely misses you.
The orc wizard barely misses you.
Casting: Sandblast (safe; 6% risk of failure)
Confirm with . or Enter, or press ? or * to list all spells.
Aiming: Sandblast (safe; 6% risk of failure)
Press: ? - help, Shift-Dir - straight line, f/p - orc wizard
Aim: an orc wizard, wielding a dagger and wearing a robe (severely wounded)
The blast of sand hits the orc wizard.
You kill the orc wizard!
You have reached level 3!
Your experience leads to an increase in your attributes!
Increase (S)trength, (I)ntelligence, or (D)exterity?
You feel clever.
b - 36 stones The orc hits you with a flail!
* * * LOW HITPOINT WARNING * * *
Casting: Sandblast (safe; 4% risk of failure)
Confirm with . or Enter, or press ? or * to list all spells.
Aiming: Sandblast (safe; 4% risk of failure)
Press: ? - help, Shift-Dir - straight line, f - orc
Aim: an orc, wielding a flail and wearing a chain mail The blast of sand hits the orc.
b - 35 stones The orc misses you.
Casting: Sandblast (safe; 4% risk of failure)
Confirm with . or Enter, or press ? or * to list all spells.
You don't have enough magic to cast that spell.
Things that are here:
a dagger; a robe
There is a stone staircase leading up here.
Casting: Sandblast (safe; 4% risk of failure)
Confirm with . or Enter, or press ? or * to list all spells.
Aiming: Sandblast (safe; 4% risk of failure)
Press: ? - help, Shift-Dir - straight line, f/p - orc
Aim: an orc, wielding a flail and wearing a chain mail The blast of sand hits the orc.
The orc is heavily wounded.
b - 34 stones
Casting: Sandblast (safe; 4% risk of failure)
Confirm with . or Enter, or press ? or * to list all spells.
You don't have enough magic to cast that spell.
An orc comes into view. It is wielding a flail.
The orc shouts!
You hear a shout! x3
An orc comes into view. It is wielding a flail.
The orc hits you with a flail.
* * * LOW HITPOINT WARNING * * *
Found a stone staircase leading up.
You hit the orc.
The orc is lightly wounded.
The orc hits you with a flail!
You die...

... .... ..
###.# #.##...#
#....#.# ##
#...###.#
#.....# ##.# .#
##.##.# #..#
...#...o.# ##r##
#....#@#####..#
<.......o...#<##
.........r....#
#.#.........%##
#..........#
#####.####.# #.#
#.# #.# #.# #.
#.#


You could see 2 orcs and a quokka.

Vanquished Creatures
  An orc wizard (D:4)
  An adder (D:3)
  A worm (D:2)
  2 bats
  A quokka (D:2)
  A kobold (D:2)
7 creatures vanquished.

Notes
Turn   | Place    | Note
-------+----------+-------------------------------------------
     0 | D:1      | Amnesiac the Mummy Earth Elementalist began the quest for the Orb.
     0 | D:1      | Reached XP level 1. HP: 13/13 MP: 4/4
   178 | D:3      | Reached XP level 2. HP: 19/19 MP: 3/5
   192 | D:3      | Learned a level 2 spell: Passwall
   267 | D:4      | Reached XP level 3. HP: 19/24 MP: 1/7
   279 | D:4      | Slain by an orc

Vault maps used:
D:1:      lemuel_arrival_rhombus, minmay_tromino_i2
D:2:      lemuel_doored_altar
D:3:      makhleb_altar_promises_db
D:4:      old_standard_altar, first_ration, abandoned_shop

Skill      XL: |  1  2 |
---------------+-------+-----
Spellcasting   | 3 |  3.3
Earth Magic    | 3 |  3.2
Short Blades   | |  0.9
Dodging        | |  1.5
Stealth        | |  1.5
Transmutations | |  0.7

Action                   || total
-------------------------++-------
Melee: Dagger            ||     1
 Cast: Sandblast         ||    18
Dodge: Dodged            ||     5

Table legend:
 A = Spawn XP
 B = Non-spawn XP
 C = Spawn XP percentage of total XP
 D = Spawn monster count
 E = Non-spawn monster count
 F = Spawn count percentage of total count
 G = Total turns spent on level
                    A         B        C        D         E        F      G
               +---------+---------+-------+---------+---------+-------+---------
         Total |       0 |      68 |   0.0 |       0 |       7 |   0.0 |   279
               +---------+---------+-------+---------+---------+-------+---------
           D:2 |       0 |      10 |   0.0 |       0 |       4 |   0.0 |   157
           D:3 |       0 |      16 |   0.0 |       0 |       2 |   0.0 |    68
           D:4 |       0 |      42 |   0.0 |       0 |       1 |   0.0 |    34
               +---------+---------+-------+---------+---------+-------+---------
